 Dungeon Crawl Stone Soup version 0.31-a0-986-g5e6e4ef867 (webtiles) character file.

Game seed: 3559577635679157037

190 sammy202020 the Ruffian (level 5, -2/49 HPs)
             Began as a Troll Shapeshifter on Nov 14, 2023.
             Slain by an orc
             ... wielding a +0 flail
              (8 damage)
             ... on level 3 of the Dungeon.
             The game lasted 00:01:53 (908 turns).

sammy202020 the Ruffian (Troll Shapeshifter)         Turns: 908, Time: 00:01:54

Health: -2/49      AC:  4    Str: 22    XL:     5   Next: 41%
Magic:  4/4        EV: 10    Int:  8    God:
Gold:   111        SH:  0    Dex:  9    Spells: 4/4 levels left

rFire   . .          .
                       - Unarmed
rCold   . . .        (no shield)
rNeg    . . .        a - +0 animal skin
rPois   .            (helmet currently unavailable)
rElec   .            (cloak currently unavailable)
rCorr   .            (gloves unavailable)
SInv    .            (boots unavailable)
Will    .....        (no amulet)
Stlth   +            (no ring)
HPRegen 1.08/turn    (no ring)
MPRegen 0.09/turn

%: no passive effects
@: beast-form
A: beast (slay +2), large, unfitting armour, claws 3, regeneration 1, shaggy fur
1, tough skin 1
a: Begin Untransformation


You were on level 3 of the Dungeon.
You were a hulking beast.
You visited 1 branch of the dungeon, and saw 3 of its levels.

You collected 111 gold pieces.

Inventory:

Armour
 a - a +0 animal skin (worn)
Jewellery
 g - a ring of ice
Talismans
 c - a beast talisman
 d - a flux talisman
Potions
 b - a potion of lignification
 i - a potion of might


   Skills:
 * Level 2.1 Fighting
 + Level 1.1 Armour
 + Level 2.1 Dodging
 * Level 4.0 Unarmed Combat
 * Level 3.9 Shapeshifting


You had 4 spell levels left.
You didn't know any spells.
Your spell library was empty.

Dungeon Overview and Level Annotations

Branches:
Dungeon (3/15)

Altars:
Dithmenos


Innate Abilities, Weirdness & Mutations

You are a hulking beast.
Your limbs bulge with bestial killing power. (Slay +2)
You are too large for most types of armour.
You have claws for hands.
Your natural rate of healing is unusually fast.
You are covered in fur. (AC +1)
You have tough skin. (AC +1)


Message History

You scratch the gnoll.
The gnoll is heavily wounded.
The gnoll hits you with a +0 spear.
You scratch the gnoll.
The gnoll is severely wounded.
The gnoll hits you with a +0 spear.
You closely miss the gnoll.
The gnoll is severely wounded.
The gnoll hits you with a +0 spear.
You closely miss the gnoll.
The gnoll is severely wounded.
The gnoll hits you but does no damage.
You scratch the gnoll. You claw the gnoll, but do no damage.
The gnoll is almost dead.
The gnoll hits you with a +0 spear.
You claw the gnoll!
You kill the gnoll!
You scratch the orc.
The orc is severely wounded.
The orc hits you but does no damage.
You mangle the orc!!
You kill the orc!
You completely miss the orc. The orc hits you with a +0 flail.
You scratch the orc but do no damage. The orc misses you.
You barely miss the orc. The orc hits you with a +0 flail.
You barely miss the orc. The orc hits you with a +0 flail.
You closely miss the orc. The orc hits you with a +0 flail.
* * * LOW HITPOINT WARNING * * *
You scratch the orc.
The orc is severely wounded.
The orc hits you with a +0 flail.
* * * LOW HITPOINT WARNING * * *
You barely miss the orc.
The orc is severely wounded.
The orc hits you with a +0 flail.
* * * LOW HITPOINT WARNING * * *
You completely miss the orc.
The orc is severely wounded.
The orc hits you with a +0 flail!
You die...

#..........# #..........#
.. #####.####.# #.# #)#
##.####.# #.# #....##.#
.[#####.###....##.#
.......g.....).##.#
..#####o###...÷##.# #h#
#.......#### #
#)#####.##.....##. #..#
#.###.......
###########.###########..#.
#.............†.......#....
#....)####....#...##..#..##
#...### #....#...###.#.###
#..#######....##..###.#....
#..##[.......###...†..#...#


You could see a gnoll and an orc.

Vanquished Creatures
  A scorpion (D:3)
  2 orc wizards (D:3)
  2 gnolls (D:3)
  2 adders (D:2)
  A worm (D:3)
  A dart slug (D:1)
  5 orcs (D:3)
  4 ball pythons
  4 bats
  2 endoplasms
  3 giant cockroaches
  A goblin (D:2)
  2 hobgoblins (D:3)
  3 kobolds
  2 quokkas
  2 frilled lizards (D:3)
  5 rats
42 creatures vanquished.

Notes
Turn   | Place    | Note
-------+----------+-------------------------------------------
     0 | D:1      | sammy202020 the Troll Shapeshifter began the quest for the
                  | Orb.
     0 | D:1      | Reached XP level 1. HP: 18/18 MP: 0/0
    29 | D:1      | Reached skill level 1 in Fighting
    51 | D:1      | You fall into a shaft and drop 1 floor!
    64 | D:2      | Reached XP level 2. HP: 25/27 MP: 1/1
   184 | D:2      | Reached XP level 3. HP: 18/33 MP: 2/2
   603 | D:3      | Found a shadowy altar of Dithmenos.
   665 | D:3      | Noticed a scorpion
   690 | D:3      | Killed a scorpion
   691 | D:3      | Reached XP level 4. HP: 34/42 MP: 3/3
   865 | D:3      | Reached skill level 1 in Armour
   865 | D:3      | Reached XP level 5. HP: 46/49 MP: 4/4
   890 | D:3      | Reached skill level 4 in Unarmed Combat
   908 | D:3      | Slain by an orc

Illustrated notes

Levels and vault maps discovered:
D:1:      ncdulo_wetmaze, layout_rooms, serial_shops, nicolae_shop_waterfront,
          minmay_pentomino_v4
D:2:      layout_basic, minmay_cut_off
D:3:      minmay_recursive_quarters, layout_rooms, grunt_dithmenos_smoke,
          lemuel_tele_altar, serial_bayou, serial_bayou_pond_d,
          serial_bayou_ford_a, serial_bayou_crossing, serial_bayou_pond_d

Skill      XL: |  1  2  3  4  5 |
---------------+----------------+-----
Fighting       | 1 2 |  2.1
Dodging        | 2 |  2.1
Armour         | 1 |  1.1
Unarmed Combat | 4 |  4.0
Shapeshifting  | |  3.9

Action                     |  1- 3 |  4- 6 || total
---------------------------+-------+-------++-------
  Melee: Unarmed           |    68 |    47 ||   115
         Punch             |     1 |     1 ||     2
    Use: Scroll            |     3 |       ||     3
         Potion            |       |     1 ||     1
 Armour: Animal skin       |    74 |    48 ||   122
  Dodge: Dodged            |    39 |    22 ||    61

Table legend: (Time is in decaauts)
 A = Elapsed time spent in this place.
 B = Non-inter-level travel time spent in this place.
 C = Inter-level travel time spent in this place.
 D = Time resting spent in this place.
 E = Time spent auto-exploring this place.
 F = Levels seen in this place.
 G = Mean time per level.
                   A        B        C        D        E       F      G
               +--------+--------+--------+--------+--------+-----+--------+
         Total |    900 |    870 |     30 |     27 |    572 |   3 |  300.0 |
       Dungeon |    900 |    870 |     30 |     27 |    572 |   3 |  300.0 |
               +--------+--------+--------+--------+--------+-----+--------+

Top non-repeatable levels by time:
     D:2: 549 daAuts
     D:3: 300 daAuts
     D:1: 50 daAuts
